 Dungeon Crawl Stone Soup version 0.28-a0-1447-ga5a8893891 (webtiles) character file.

Game seed: 6082391720376020922

63 herbaltea the Skirmisher (level 3, -6/29 HPs)
             Began as a Mummy Cinder Acolyte on Jan 11, 2022.
             Was an Initiate of Kikubaaqudgha.
             Mangled by a hobgoblin (14 damage)
             ... on level 4 of the Dungeon.
             The game lasted 00:06:24 (2466 turns).

herbaltea the Skirmisher (Mummy Cinder Acolyte)     Turns: 2466, Time: 00:06:24

Health: -6/29      AC:  4    Str: 17    XL:     3   Next: 89%
Magic:  6/6        EV: 11    Int: 15    God:    Kikubaaqudgha [......]
Gold:   118        SH:  0    Dex:  7    Spells: 6/6 levels left

rFire   x . .      SeeInvis .   a - -1 spear (flame)
rCold   + . .      Faith    .   (no shield)
rNeg    + + +      Spirit   .   l - +0 robe
rPois   ∞          Reflect  .   e - +0 helmet
rElec   .          Harm     .   (no cloak)
rCorr   .          Rampage  .   k - +0 pair of gloves
Will    .....                   (no boots)
Stlth   +.........              (no amulet)
HPRegen 0.09/turn               (no ring)
MPRegen 0.10/turn               (no ring)

@: no status effects
A: cold resistance 1, negative energy resistance 3, torment resistance 2, heat
vulnerability 1, no potions
a: Renounce Religion


You were on level 4 of the Dungeon.
You worshipped Kikubaaqudgha.
Kikubaaqudgha was noncommittal.
You visited 1 branch of the dungeon, and saw 6 of its levels.

You collected 118 gold pieces.

Inventory:

Hand Weapons
 a - a -1 spear of flaming (weapon)
 b - a +0 fustibalus
Missiles
 c - 23 sling bullets
 g - 17 stones (quivered)
 h - 4 atropa-tipped darts
Armour
 e - a +0 helmet (worn)
 k - a +0 pair of gloves (worn)
 l - a +0 robe (worn)
Scrolls
 d - 3 scrolls of identify {unknown}
 f - a scroll of teleportation {unknown}
 i - a scroll of fear {unknown}
 j - 2 scrolls of blinking {unknown}


   Skills:
 + Level 3.3 Fighting
 * Level 3.1 Polearms
 + Level 0.5 Armour
 + Level 0.6 Dodging
 + Level 2.3 Spellcasting
 - Level 2.5 Fire Magic


You had 6 spell levels left.
You didn't know any spells.
Your spell library contained the following spells:

 Spells                   Type           Power      Damage    Failure   Level
 Scorch                   Fire           18%        2d6       12%         2


Dungeon Overview and Level Annotations

Branches:
Dungeon (6/15)
 Temple: D:4-7

Altars:
Gozag
Kikubaaqudgha


Innate Abilities, Weirdness & Mutations

You are immune to poison.
Your flesh is cold resistant. (rC+)
You are immune to negative energy. (rN+++)
You are immune to unholy pain and torment.
You are vulnerable to heat. (rF-)
You do not drink.


Message History

You kill the endoplasm!
Kikubaaqudgha accepts your kill.
A hobgoblin comes into view. It is wielding a +0 scythe.
The hobgoblin shouts!
You hear a shout! x2
A hobgoblin comes into view. It is wielding a +0 scythe.
You shoot a stone. The stone barely misses the hobgoblin.
You shoot a stone. The stone hits the hobgoblin.
The hobgoblin is lightly wounded.
You shoot a stone. The stone barely misses the hobgoblin.
Your -1 spear of flaming bursts into flame!
a - a -1 spear of flaming (weapon)
You reach to attack!
You closely miss the hobgoblin.
The hobgoblin is lightly wounded.
The hobgoblin misses you. The hobgoblin barely misses you.
The hobgoblin hits you with a +0 scythe!
You hit the hobgoblin. You burn the hobgoblin.
You kill the hobgoblin!
Kikubaaqudgha accepts your kill. The hobgoblin barely misses you.
The hobgoblin barely misses you.
Things that are here:
a +0 scythe; a +0 robe; a hobgoblin corpse You closely miss the hobgoblin.
The hobgoblin hits you with a +0 scythe.
You hit the hobgoblin but do no damage.
The hobgoblin hits you with a +0 scythe!
You barely miss the hobgoblin. The hobgoblin closely misses you.
You hit the hobgoblin. You burn the hobgoblin.
The hobgoblin is severely wounded.
The hobgoblin closely misses you.
You hit the hobgoblin. You burn the hobgoblin.
The hobgoblin is almost dead.
The hobgoblin hits you with a +0 scythe.
* * * LOW HITPOINT WARNING * * *
You closely miss the hobgoblin.
The hobgoblin is almost dead.
The hobgoblin hits you with a +0 scythe!
You die...
Kikubaaqudgha rasps: "You have failed me!
Welcome... oblivion!"

......(..#
.........#
.........#
.........#
..(......#
####.....#
#####.#
#g# #@#
#.# #.#
#.# #.#
#.# #.#
#.# #.#


You could see a hobgoblin.

Vanquished Creatures
  2 adders
  A worm (D:2)
  A dart slug (D:2)
  A ball python (D:2)
  2 bats
  10 endoplasms
  2 giant cockroaches
  2 hobgoblins
  5 kobolds
  A quokka (D:1)
  5 goblins
  4 rats
36 creatures vanquished.

Vanquished Creatures (others)
  8 plants (D:5)
8 creatures vanquished.

Grand Total: 44 creatures vanquished

Notes
Turn   | Place    | Note
-------+----------+-------------------------------------------
     0 | D:1      | herbaltea the Mummy Cinder Acolyte began the quest for the
                  | Orb.
     0 | D:1      | Reached XP level 1. HP: 18/18 MP: 2/2
   372 | D:1      | Reached XP level 2. HP: 24/24 MP: 4/4
  1332 | D:2      | Reached XP level 3. HP: 18/29 MP: 6/6
  1933 | D:3      | You fall into a shaft and drop 3 floors!
  1937 | D:5      | Entered Level 5 of the Dungeon
  1937 | D:5      | Noticed an ogre
  2251 | D:3      | Found an ancient bone altar of Kikubaaqudgha.
  2301 | D:3      | Found an opulent altar of Gozag.
  2368 | D:3      | Fell from the grace of Ignis
  2368 | D:3      | Became a worshipper of Kikubaaqudgha
  2466 | D:4      | Mangled by a hobgoblin

Illustrated notes

Levels and vault maps discovered:
D:1:      pf_arrival_petrified_forest, layout_loops_corners
D:2:      layout_basic
D:3:      layout_loops_cross, nicolae_gozag_cash_rules_everything_around_me,
          nicolae_overflow_hidden_temple,
          hellmonk_ecumenical_altar_pennies_from_heaven, minmay_between
D:4:      layout_basic, sigmund_army
D:5:      layout_basic, fiery_altar_vehumet, xom_butterflies, serial_bayou,
          serial_bayou_crossing, serial_bayou_ford_a, serial_bayou_pond_e,
          serial_bayou_pond_c
D:6:      layout_loops_corners, nzn_wu_jian_council_hall, lemuel_tele_altar,
          grunt_temple_overflow_open

Skill      XL: |  1  2  3 |
---------------+----------+-----
Spellcasting   | 2 |  2.3
Polearms       | 3 |  3.1
Fighting       | |  3.3
Armour         | |  0.5
Dodging        | |  0.6
Fire Magic     | |  2.5

Action                   || total
-------------------------++-------
Melee: Spear             ||   125
       Punch             ||     1
 Fire: Fustibalus        ||     4
Invok: Rising Flame      ||     1
 Stab: Sleeping          ||     3
Armor: Robe              ||     6
Dodge: Dodged            ||    54

Table legend: (Time is in decaauts)
 A = Elapsed time spent in this place.
 B = Non-inter-level travel time spent in this place.
 C = Inter-level travel time spent in this place.
 D = Time resting spent in this place.
 E = Time spent auto-exploring this place.
 F = Levels seen in this place.
 G = Mean time per level.
                   A        B        C        D        E       F      G
               +--------+--------+--------+--------+--------+-----+--------+
         Total |   2469 |   2327 |    142 |    320 |   1591 |   6 |  411.5 |
       Dungeon |   2469 |   2327 |    142 |    320 |   1591 |   6 |  411.5 |
               +--------+--------+--------+--------+--------+-----+--------+

Top non-repeatable levels by time:
     D:1: 997 daAuts
     D:2: 917 daAuts
     D:4: 328 daAuts
     D:3: 149 daAuts
     D:5: 74 daAuts
     D:6: 3 daAuts
